 Dungeon Crawl Stone Soup version 0.26-a0-466-g989023bd0d (webtiles) character file.

Game seed: 3919970027473219744

53251 vatarom the Stormcaller (level 14, -5/84 HPs)
             Began as a Tengu Air Elementalist on Aug 7, 2020.
             Was a High Priest of Vehumet.
             Engulfed by a cloud of freezing vapour (13 damage)
             ... on level 12 of the Dungeon on Aug 10, 2020.
             The game lasted 01:02:03 (31056 turns).

vatarom the Stormcaller (Tengu Air Elementalist)   Turns: 31056, Time: 01:02:04

Health: -5/84      AC:  8    Str: 11    XL:     14   Next: 67%
Magic:  11/27      EV: 20    Int: 23    God:    Vehumet [*****.]
Gold:   1546       SH:  4    Dex: 16    Spells: 1/29 levels left

rFire    . . .     SeeInvis .   g - +4 spear (venom)
rCold    . . .     Faith    .   (no shield)
rNeg     . . .     Spirit   .   a - +1 robe
rPois    +         Reflect  .   v - +2 hat
rElec    .         Harm     .   k - scarf {repulsion}
rCorr    .                      E - +2 pair of gloves
MR       +....                  (boots unavailable)
Stlth    ++........             H - amulet of magic regeneration
HPRegen  0.24/turn              t - +6 ring of intelligence
MPRegen  0.45/turn              o - ring of poison resistance

@: flying quickly and evasively, repel missiles, quick
A: beak, talons 3, large bone plates 1, able to fly
a: Stop Flying, Renounce Religion


You were on level 12 of the Dungeon.
You worshipped Vehumet.
Vehumet was extremely pleased with you.
You visited 3 branches of the dungeon, and saw 19 of its levels.

You collected 2041 gold pieces.
You spent 495 gold pieces at shops.

Inventory:

Hand Weapons
 g - a +4 spear of venom (weapon)
Missiles
 i - 8 boomerangs (quivered)
Armour
 a - a +1 robe (worn)
 k - a scarf of repulsion (worn)
 v - a +2 hat (worn)
 E - a +2 pair of gloves (worn)
 M - a +0 troll leather armour
Magical Staves
 e - an uncursed staff of summoning
Jewellery
 m - an uncursed ring of protection from magic
 o - a ring of poison resistance (right hand)
 t - a +6 ring of intelligence (left hand)
 w - an uncursed ring of wizardry
 y - an uncursed ring of positive energy {unknown}
 H - an amulet of magic regeneration (around neck)
Wands
 j - a wand of random effects (48)
 r - a wand of flame (17)
 x - a wand of iceblast (17) {@v4}
 C - a wand of paralysis (8)
 I - a wand of clouds (6) {@v3}
 J - a wand of polymorph (2)
 N - a wand of disintegration (16)
Scrolls
 c - 4 scrolls of remove curse {@r2}
 d - 5 scrolls of teleportation {@r3}
 n - 3 scrolls of random uselessness
 p - 2 scrolls of fear
 F - a scroll of holy word {unknown}
 G - a scroll of silence
 K - 2 scrolls of blinking {unknown}
 L - 2 scrolls of torment {unknown}
 O - 2 scrolls of fog
Potions
 b - a potion of ambrosia
 f - a potion of invisibility {unknown}
 h - 7 potions of curing {@q1}
 l - 4 potions of lignification
 q - 2 potions of cancellation
 s - a potion of brilliance {@q6}
 u - 2 potions of stabbing
 z - a potion of haste {@q3}
 B - a potion of resistance {unknown}
 P - a potion of magic {unknown}
Miscellaneous
 D - a lightning rod (4/4)


   Skills:
 - Level 8.3 Fighting
 + Level 3.6 Staves
 + Level 1.9 Armour
 - Level 7.3 Dodging
 - Level 2.0 Stealth
 - Level 8.2 Spellcasting
 - Level 13.8 Conjurations
 - Level 7.9 Ice Magic
 * Level 17.8 Air Magic
 - Level 7.1 Evocations


You had one spell level left.
You knew the following spells:

 Your Spells              Type           Power        Failure   Level
a - Shock                 Conj/Air       ####         0%          1
b - Swiftness             Air            #######.     0%          2
c - Static Discharge      Conj/Air       ######..     1%          3
d - Airstrike             Air            #######...   1%          4
e - Freezing Cloud        Conj/Ice/Air   ######....   1%          6
f - Orb of Destruction    Conj           ######....   5%          7
w - Lightning Bolt        Conj/Air       ######....   1%          5

Your spell library contained the following spells:

 Spells                   Type           Power        Failure   Level
 Lee's Rapid Deconstruct  Erth           #.........   41%         5
 Sting                    Tmut/Pois      #...         7%          1
 Poisonous Vapours        Pois/Air       ######       1%          2
 Dazzling Flash           Conj/Hex       #####.       1%          3
 Mephitic Cloud           Conj/Pois/Air  ######..     1%          3
 Iskenderun's Battlesphe  Conj           ######..     1%          5
 Irradiate                Conj/Tmut      #####.....   3%          5
 Silence                  Hex/Air        ######....   4%          5
 Ignite Poison            Fire/Tmut/Pois #.......     5%          3
 Bolt of Magma            Conj/Fire/Erth ####......   8%          5
 Iron Shot                Conj/Erth      #####.....   16%         6
 Olgreb's Toxic Radiance  Pois           #.......     17%         4
 Yara's Violent Unravell  Hex/Tmut       #.........   41%         5
 Cause Fear               Hex            #.........   56%         4
 Spellforged Servitor     Conj/Summ      #####.....   61%         7
 Tornado                  Air            #######...   71%         9
 Hydra Form               Tmut           #.........   100%        6
 Statue Form              Tmut/Erth      #........    100%        6
 Dragon Form              Tmut           #.........   100%        7
 Discord                  Hex            #.........   100%        8
 Ignition                 Fire           #.........   100%        8
 Shatter                  Erth           #.........   100%        9


Dungeon Overview and Level Annotations

Branches:
Dungeon (12/15)            Temple (1/1) D:4            Lair (6/6) D:8
 Shoals (0/4) Lair:3       Spider (0/4) Lair:3        Slime (0/5) Lair:6
    Orc: D:9-12

Altars:
Ashenzari
Cheibriados
Dithmenos
Elyvilon
Fedhas
Gozag
Hepliaklqana
Kikubaaqudgha
Makhleb
Nemelex Xobeh
Okawaru
Qazlal
Ru
Sif Muna
Trog
Uskayaw
Vehumet
Wu Jian
Xom
Yredelemnul
Zin
The Shining One

Shops:
D:5 :   D:6 *

Portals:
Trove: D:11 (give 5 scrolls of fear)

Annotations:
D:7 2 transporters, stazo's ghost, novice DsFi
D:11 2 runed translucent doors, Honkfish's ghost, journeyman KoBe
D:12 Azrael
Lair:2 2 transporters, Fannar


Innate Abilities, Weirdness & Mutations

You have a beak for a mouth.
You have claws for feet.
You can fly continuously.
You are partially covered in large bone plates. (SH +4)


Message History

Casting: Freezing Cloud (dangerous; 1% risk of failure)
Confirm with . or Enter, or press ? or * to list all spells.
Press: ? - help, Dir - move target cursor
Casting: Freezing Cloud (dangerous; 1% risk of failure)
Confirm with . or Enter, or press ? or * to list all spells.
Press: ? - help, Dir - move target cursor That beam is likely to hit you.
Continue anyway?
You are engulfed in freezing vapours.
* * * LOW HITPOINT WARNING * * *
Okay, then.
You feel much better.
You are engulfed in freezing vapours.
* * * LOW HITPOINT WARNING * * *
The sentinel's mark upon you fades away.
You are engulfed in freezing vapours.
* * * LOW HITPOINT WARNING * * *
Okay, then.
Okay, then.
Okay, then.
You are engulfed in freezing vapours.
You die...

####### #.....# #.###.#
#.# #.############ ....
#.# #.#.........<# ....
#.# #.#.########## ....
#.# #.#.# .... #@# #.#.#
.... #§# #.#.# .... #§#
#.#.# .... #§# #.#.#
#############§# #.#.#
####..§§§§.....☼§###[#.#
.†R'...§§R§§§.)§§§>#.#.#
#.##...§§§§§§.[§####.#.#
#○##..§§§§§.....# #.#.#


There were no monsters in sight!

Vanquished Creatures
  A dire elephant (Lair:6)
  An anaconda (Lair:6)
  5 hydras
  Erica (Lair:1)
  8 death yaks
  4 two-headed ogres
  Nergalle (Lair:2)
  An unseen horror (D:11)
  3 lindwurms (Lair:6)
  An orb spider (Lair:3)
  Pikel (D:6)
  4 black mambas
  5 elephants
  An ugly thing (D:11)
  Joseph (Lair:1)
  3 gargoyles
  14 cane toads
  2 rime drakes (Lair:6)
  A kobold demonologist (D:10)
  4 komodo dragons
  Prince Ribbit (D:7)
  9 polar bears (Lair:6)
  A hornet (D:9)
  4 trolls
  4 raiju (Lair:6)
  9 dream sheep
  8 hippogriffs
  6 blink frogs
  4 wyverns
  7 fire elementals (D:12)
  10 yaks
  5 basilisks
  Menkaure (D:7)
  4 wargs (Lair:6)
  12 water moccasins
  14 hell hounds
  11 porcupines
  2 orc warriors
  An ice beast (D:11)
  13 black bears
  8 sky beasts
  4 phantoms
  5 ogres
  A necrophage (D:6)
  3 centaurs
  22 wolves
  A lemure (D:5)
  19 crocodiles
  15 bullfrogs
  4 scorpions
  A water moccasin skeleton (D:8)
  12 killer bees
  5 wights
  2 howler monkeys
  2 electric eels
  4 bullfrog zombies
  6 jellies
  2 centaur zombies
  2 orc priests
  A bullfrog skeleton (D:6)
  7 hounds
  3 centaur skeletons
  4 iguanas
  14 orc wizards
  Ijyb (D:4)
  13 worker ants
  A hound zombie (D:10)
  A hound skeleton (D:5)
  Robin (D:4)
  2 worker ant zombies
  11 gnolls
  A howler monkey skeleton (D:6)
  11 adders
  2 shadow imps
  2 white imps
  An ooze (D:3)
  An adder zombie (D:6)
  3 adder skeletons
  2 worms
  A dart slug (D:3)
  6 leopard geckos
  61 orcs
  2 ball pythons
  6 giant cockroaches
  12 hobgoblins
  13 jackals
  3 quokkas
  9 bats
  6 frilled lizards
  16 goblins
  2 jackal skeletons (D:4)
  A jackal zombie (D:5)
  6 kobolds
  A leopard gecko skeleton (D:8)
  2 quokka skeletons (D:5)
  A quokka zombie (D:8)
  7 rats
  A fungus (Lair:6)
  5 plants
549 creatures vanquished.

Vanquished Creatures (others)
  A centaur skeleton (D:12)
  15 fungi
  16 plants
32 creatures vanquished.

Grand Total: 581 creatures vanquished

Notes
Turn   | Place    | Note
-------+----------+-------------------------------------------
     0 | D:1      | vatarom the Tengu Air Elementalist began the quest for the
                  | Orb.
     0 | D:1      | Reached XP level 1. HP: 10/10 MP: 4/4
   472 | D:1      | Reached XP level 2. HP: 15/15 MP: 4/6
   731 | D:1      | Learned a level 2 spell: Swiftness
   975 | D:1      | Reached XP level 3. HP: 5/19 MP: 2/7
  1325 | D:2      | Learned a level 3 spell: Static Discharge
  2585 | D:2      | Found a burning altar of Makhleb.
  2585 | D:2      | Found a radiant altar of Vehumet.
  2602 | D:2      | Reached XP level 4. HP: 10/24 MP: 0/8
  2841 | D:2      | Became a worshipper of Vehumet
  3736 | D:3      | Reached skill level 5 in Air Magic
  3842 | D:3      | Gained mutation: You can fly continuously. [Tengu growth]
  3842 | D:3      | Reached XP level 5. HP: 17/28 MP: 1/9
  4187 | D:3      | Reached * piety under Vehumet
  4187 | D:3      | Offered knowledge of Sandblast by Vehumet.
  4583 | D:2      | Gained mutation: You tend to lose your temper in combat.
                  | [potion of mutation]
  4583 | D:2      | Gained mutation: You are agile. (Dex +2) [potion of
                  | mutation]
  4969 | D:3      | Reached skill level 6 in Air Magic
  5242 | D:3      | Found a hazy altar of Hepliaklqana.
  5275 | D:3      | Found a stormy altar of Qazlal.
  5278 | D:3      | Found a shimmering altar of Xom.
  5278 | D:3      | Found a glowing golden altar of the Shining One.
  5279 | D:3      | Found a shattered altar of Ashenzari.
  5390 | D:4      | Reached skill level 1 in Fighting
  5396 | D:4      | Noticed Ijyb
  5405 | D:4      | Killed Ijyb
  5405 | D:4      | Reached XP level 6. HP: 35/35 MP: 4/10
  5661 | D:4      | Noticed Robin
  5670 | D:4      | Offered knowledge of Magic Dart by Vehumet.
  5673 | D:4      | Reached ** piety under Vehumet
  5861 | D:4      | Killed Robin
  6001 | D:4      | Reached XP level 7. HP: 33/43 MP: 11/11
  6098 | D:4      | Reached skill level 5 in Conjurations
  6376 | D:4      | Found a shadowy altar of Dithmenos.
  6482 | D:4      | Found a staircase to the Ecumenical Temple.
  6510 | Temple   | Entered the Ecumenical Temple
  6934 | D:4      | Found a stormy altar of Qazlal.
  6969 | D:5      | Entered Level 5 of the Dungeon
  6975 | D:5      | Found Sidett's Book Emporium.
  7019 | D:5      | Learned a level 4 spell: Airstrike
  7506 | D:5      | Reached XP level 8. HP: 41/48 MP: 14/14
  7848 | D:5      | Offered knowledge of Inner Flame by Vehumet.
  8206 | D:5      | Learned a level 5 spell: Lightning Bolt
  8380 | D:6      | Reached *** piety under Vehumet
  8380 | D:6      | Reached skill level 5 in Spellcasting
  8647 | D:6      | Reached skill level 7 in Air Magic
  8738 | D:6      | Reached skill level 8 in Air Magic
  8954 | D:6      | Reached skill level 9 in Air Magic
  8954 | D:6      | Reached XP level 9. HP: 52/52 MP: 6/17
  8957 | D:6      | Noticed Pikel
  9123 | D:6      | Killed Pikel
  9123 | D:6      | Reached skill level 10 in Air Magic
  9357 | D:6      | Reached skill level 11 in Air Magic
  9431 | D:6      | Offered knowledge of Dazzling Flash by Vehumet.
  9436 | D:6      | Learned a level 3 spell: Dazzling Flash
  9556 | D:6      | Found a basalt altar of Yredelemnul.
  9564 | D:6      | Found Ytuvaidar's General Store.
  9754 | D:7      | Noticed Prince Ribbit
  9757 | D:7      | Killed Prince Ribbit
  9757 | D:7      | Reached skill level 12 in Air Magic
  9956 | D:7      | Found an opulent altar of Gozag.
 10287 | D:7      | Noticed Menkaure
 10290 | D:7      | Killed Menkaure
 10290 | D:7      | Reached **** piety under Vehumet
 10406 | D:7      | Noticed stazo's ghost (novice DsFi)
 10407 | D:7      | Found a transporter.
 10407 | D:7      | Found a transporter.
 10408 | D:7      | Identified the cursed +0 great mace "Zace Kaa" {protect,
                  | MP+9 Str+5 Int+9 Dex-4}
 10460 | D:7      | Reached skill level 5 in Dodging
 10469 | D:7      | Offered knowledge of Conjure Flame by Vehumet.
 10564 | D:7      | Reached XP level 10. HP: 57/57 MP: 14/19
 10670 | D:7      | Found a sacrificial altar of Ru.
 11002 | D:7      | Found a white marble altar of Elyvilon.
 12482 | D:8      | Reached skill level 1 in Evocations
 13120 | D:8      | Found a staircase to the Lair.
 13172 | D:5      | Bought a book of Power for 495 gold pieces
 13180 | D:5      | Learned a level 7 spell: Orb of Destruction
 13382 | D:9      | Noticed a two-headed ogre
 13385 | D:9      | Killed a two-headed ogre
 13510 | D:9      | Reached XP level 11. HP: 29/61 MP: 3/24
 13512 | D:9      | Reached ***** piety under Vehumet
 13785 | D:9      | Noticed a two-headed ogre
 13876 | Lair:1   | Entered Level 1 of the Lair of Beasts
 13936 | Lair:1   | Reached skill level 10 in Conjurations
 14004 | Lair:1   | Offered knowledge of Hailstorm by Vehumet.
 14004 | Lair:1   | Reached skill level 13 in Air Magic
 14017 | Lair:1   | Noticed Joseph
 14222 | Lair:1   | Killed Joseph
 14389 | Lair:1   | Noticed Erica
 14393 | Lair:1   | Killed Erica
 14575 | Lair:1   | Noticed a seven-headed hydra
 14578 | Lair:1   | Killed a seven-headed hydra
 14791 | Lair:1   | Reached skill level 14 in Air Magic
 15458 | Lair:2   | Noticed a four-headed hydra
 15583 | Lair:2   | Found a transporter.
 15591 | Lair:2   | Killed a four-headed hydra
 15704 | Lair:2   | Found a transporter.
 15794 | Lair:2   | Noticed Fannar
 15925 | Lair:2   | Noticed Nergalle
 15944 | Lair:2   | Killed Nergalle
 16093 | Lair:2   | Reached skill level 15 in Air Magic
 16093 | Lair:2   | Reached XP level 12. HP: 25/66 MP: 10/25
 17240 | Lair:3   | Found a staircase to the Shoals.
 17521 | Lair:3   | Noticed a six-headed hydra
 17529 | Lair:3   | Killed a six-headed hydra
 17774 | Lair:3   | Found a hole to the Spider Nest.
 18627 | Lair:4   | Noticed a death yak
 18629 | Lair:4   | Lost mutation: You are agile. (Dex +2) [potion of mutation]
 18629 | Lair:4   | Lost mutation: You tend to lose your temper in combat.
                  | [potion of mutation]
 18629 | Lair:4   | Gained mutation: You are partially covered in large bone
                  | plates. (SH +4) [potion of mutation]
 18629 | Lair:4   | Gained mutation: Your spells are a little easier to cast,
                  | but a little less powerful. [potion of mutation]
 18629 | Lair:4   | Lost mutation: Your spells are a little easier to cast, but
                  | a little less powerful. [potion of mutation]
 18639 | Lair:4   | Noticed a death yak
 18644 | Lair:4   | Killed a death yak
 18644 | Lair:4   | Reached skill level 5 in Fighting
 18644 | Lair:4   | Reached skill level 16 in Air Magic
 19679 | Lair:4   | Noticed a death yak
 19687 | Lair:4   | Killed a death yak
 19690 | Lair:4   | Noticed a death yak
 19703 | Lair:4   | Noticed a death yak
 19709 | Lair:4   | Killed a death yak
 19717 | Lair:4   | Killed a death yak
 19853 | Lair:4   | Reached XP level 13. HP: 74/74 MP: 10/26
 20365 | Lair:4   | Reached skill level 5 in Evocations
 20992 | Lair:5   | Reached skill level 17 in Air Magic
 22330 | Lair:6   | Entered Level 6 of the Lair of Beasts
 23072 | Lair:6   | Found a staircase to the Slime Pits.
 23524 | Lair:6   | Offered knowledge of Freezing Cloud by Vehumet.
 23553 | Lair:6   | Learned a level 6 spell: Freezing Cloud
 23661 | Lair:6   | Reached skill level 1 in Ice Magic
 24232 | Lair:6   | Noticed a dire elephant
 24241 | Lair:6   | Killed a dire elephant
 24605 | Lair:6   | Reached skill level 5 in Ice Magic
 24607 | Lair:6   | Reached XP level 14. HP: 48/82 MP: 6/27
 28128 | D:9      | Reached skill level 1 in Staves
 28998 | D:10     | Entered Level 10 of the Dungeon
 29662 | D:10     | Got an encrusted mace
 29663 | D:10     | Identified the +8 mace "Killer Klown's Foe" {flame, +Rage}
                  | (You found it on level 10 of the Dungeon)
 29696 | D:11     | Noticed a lich
 29696 | D:11     | Noticed Honkfish's ghost (journeyman KoBe)
 29721 | D:11     | Found a runed translucent door.
 29735 | D:11     | Found a runed translucent door.
 30460 | D:11     | Found a portal to a secret trove of treasure.
 30661 | D:11     | Offered knowledge of Lee's Rapid Deconstruction by Vehumet.
 30661 | D:11     | Reached skill level 1 in Armour
 31039 | D:12     | Noticed Azrael
 31056 | D:12     | Engulfed by a cloud of freezing vapour

Illustrated notes

Levels and vault maps discovered:
D:1:      mrwooster_arrival_statue, layout_basic, serial_curves, eino_curves_04,
          eino_curves_01, minmay_heptomino_o4
D:2:      layout_basic, gammafunk_temple_overflow_pools
D:3:      layout_basic, minitemple, portal_sewer_entry_d
D:4:      layout_loops_ring, nicolae_dithmenos_through_a_glass_darkly,
          minmay_temple_entry_butterflies, grunt_decor_one_mirror,
          nicolae_qazlal_eye_of_the_storm, uniq_robin, uniq_ijyb
D:5:      layout_loops_ring, serial_shops, nicolae_shop_waterfront
D:6:      layout_rooms, serial_shops, shop, pf_just_have_faith, uniq_pikel
D:7:      layout_basic, old_standard_altar, nicolae_ru_great_annihilating_truth,
          grunt_gozag_breadcrumbs, gammafunk_ghost_smash, uniq_prince_ribbit1,
          uniq_menkaure
D:8:      layout_rooms, grunt_lair_entry_orc_guard_hut, kennysheep_kite_vault
D:9:      minmay_razor_zed, layout_irregular_city, minivault_24
D:10:     layout_long_grid, minmay_microvault
D:11:     layout_loops_ring, nicolae_trove_entry_crossroad,
          muffindrake_ghost_dual_entry, onia_ninara_dug_in_and_dangerous
D:12:     layout_basic, erik_orc_1, elyvilon_altar_1, uniq_azrael
Temple:   minmay_temple_curvy_loop
Lair:1:   layout_cave_pods, uniq_joseph, uniq_erica
Lair:2:   gammafunk_cloud_chamber, layout_chaotic_city, uniq_fannar,
          uniq_nergalle
Lair:3:   layout_concentric_octagons, shoals_dummy_entry,
          nicolae_spider_entry_orb_guardian, wad_woods_river_02
Lair:4:   layout_cellular_growth, grunt_megastairs_1, serial_bayou_shore_a
Lair:5:   layout_regular_city, chequers_serial_rivers_small_b, st_stairs_6
Lair:6:   hangedman_lair_in_review, layout_regular_city,
          hangedman_lair_caniforms_friends, minmay_slime_entry_oklob_enclosed,
          serial_bayou_pond_e

Skill      XL: |  1  2  3  4  5  6  7  8  9 10 11 12 13 14 |
---------------+-------------------------------------------+-----
Conjurations   | 2 3 4 6 8 9 12 13 | 13.8
Air Magic      | 5 6 9 12 15 16 17 | 17.8
Fighting       | 2 4 6 7 8 |  8.3
Spellcasting   | 3 5 8 |  8.2
Dodging        | 5 7 |  7.3
Evocations     | 2 4 7 |  7.1
Ice Magic      | 5 7 |  7.9
Staves         | 3 |  3.6
Armour         | 1 |  1.9
Stealth        | |  2.0

Action                   |  1- 3 |  4- 6 |  7- 9 | 10-12 | 13-15 || total
-------------------------+-------+-------+-------+-------+-------++-------
Melee: Dagger            |    30 |    28 |       |       |       ||    58
       Kick              |     5 |    11 |    40 |    40 |    31 ||   127
       Peck              |     3 |    11 |    21 |    14 |    18 ||    67
       Spear             |       |    51 |   160 |   127 |   136 ||   474
       Mace              |       |       |       |       |     3 ||     3
Throw: Boomerang         |    25 |     5 |       |       |       ||    30
 Cast: Shock             |    39 |    61 |    32 |     4 |     3 ||   139
       Swiftness         |     1 |       |       |     2 |     2 ||     5
       Static Discharge  |    11 |    18 |     8 |    24 |    42 ||   103
       Airstrike         |       |       |    44 |   197 |   184 ||   425
       Lightning Bolt    |       |       |     3 |    12 |    20 ||    35
       Dazzling Flash    |       |       |       |     5 |     1 ||     6
       Orb of Destructio |       |       |       |    10 |    13 ||    23
       Freezing Cloud    |       |       |       |       |    65 ||    65
 Abil: Fly               |       |       |       |     1 |       ||     1
Evoke: Wand              |       |       |       |    15 |    12 ||    27
       Lightning rod     |       |       |       |     4 |     3 ||     7
  Use: Scroll            |     5 |       |     1 |    15 |    14 ||    35
       Potion            |     1 |     7 |       |     2 |     2 ||    12
 Stab: Sleeping          |     4 |     5 |     5 |     3 |     3 ||    20
       Distracted        |       |     1 |       |     1 |     1 ||     3
       Paralysed         |       |       |       |     1 |     2 ||     3
       Invisible         |       |       |       |     1 |       ||     1
Armor: Robe              |    11 |    11 |    14 |    24 |    30 ||    90
Dodge: Dodged            |    45 |    66 |    95 |   149 |   126 ||   481
       Repelled          |       |     1 |       |     1 |       ||     2
Block: Other             |       |       |       |     5 |    32 ||    37

Table legend: (Time is in decaauts)
 A = Elapsed time spent in this place.
 B = Non-inter-level travel time spent in this place.
 C = Inter-level travel time spent in this place.
 D = Time resting spent in this place.
 E = Time spent auto-exploring this place.
 F = Levels seen in this place.
 G = Mean time per level.
                   A        B        C        D        E       F      G
               +--------+--------+--------+--------+--------+-----+--------+
         Total |  30313 |  29183 |   1130 |   8664 |  16860 |  19 | 1595.4 |
       Dungeon |  16845 |  16140 |    705 |   4135 |   9864 |  12 | 1403.8 |
        Temple |    201 |    173 |     28 |      0 |    173 |   1 |  201.0 |
          Lair |  13266 |  12869 |    397 |   4529 |   6823 |   6 | 2211.0 |
               +--------+--------+--------+--------+--------+-----+--------+

Top non-repeatable levels by time:
  Lair:6: 4664 daAuts
  Lair:4: 2467 daAuts
     D:7: 2356 daAuts
     D:2: 2134 daAuts
     D:1: 2103 daAuts
  Lair:2: 1757 daAuts
     D:9: 1737 daAuts
  Lair:5: 1627 daAuts
     D:5: 1516 daAuts
  Lair:1: 1427 daAuts
     D:4: 1405 daAuts
     D:6: 1337 daAuts
  Lair:3: 1322 daAuts
     D:8: 1181 daAuts
    D:11: 1172 daAuts
